Map: Acid Plant LE

Players

StrangeWill

  • Race: Terran Terran
  • League: Gold
  • Spawn Location: 5:00

VoidPhallus - Winner!

  • Race: Zerg Zerg
  • League: Gold
  • Spawn Location: 11:00

VOD

Have the link to the VOD?

Description

Time

  • Played on: March 24, 2018, 10:27 p.m.
  • Length: 16:48
Show
View Real Time Build Order
Export as new Build Order

StrangeWill Terran 

Build Orders:  

Get SALT Encoding   

  12  0:02  SCV  
  13  0:14  SCV  
  14  0:19  Supply Depot  
  14  0:26  SCV  
  15  0:32  Supply Depot  
  15  0:41  SCV  
  16  0:50  Barracks  
  16  0:55  SCV  
  17  1:01  Refinery  
  17  1:07  SCV  
  18  1:15  Barracks  
  18  1:19  SCV  
  18  1:24  Refinery  
  19  1:32  SCV  
  20  1:41  Marine  
  20  1:44  Orbital Command  
  21  2:01  Barracks Tech Lab  
  21  2:04  Barracks Reactor  
  21  2:23  Marine  
  22  2:33  SCV  
  22  2:36  Factory  
  23  2:40  Marine x2  
  23  2:41  Marine  
  26  2:45  SCV  
  27  2:58  Marine x2, SCV  
  28  2:59  Marine  
  31  3:11  Command Center  
  31  3:23  Supply Depot  
  31  3:39  Marine x3  
  31  3:40  Widow Mine  
  36  3:46  Engineering Bay  
  36  3:49  Supply Depot  
  36  3:57  Marine x3  
  36  4:01  Widow Mine  
  41  4:04  SCV  
  42  4:16  SCV  
  43  4:19  Starport  
  43  4:23  Orbital Command  
  43  4:28  SCV  
  43  4:31  Factory Tech Lab  
  44  4:34  Marine x2  
  44  4:35  Marine  
  47  4:39  Combat Shields  
  47  4:41  SCV  
  48  4:49  Terran Infantry Weapons Level 1  
  48  4:52  Marine  
  48  4:53  SCV  
  48  4:55  Siege Tank  
  48  4:59  Marine x2  
  55  5:02  SCV  
  56  5:16  Starport Tech Lab  
  56  5:17  Armory  
  56  5:20  Marine x2  
  56  5:21  Marine  
  59  5:29  Siege Tank  
  59  5:33  SCV x2  
  64  5:39  Marine  
  64  5:40  Marine x2  
  67  5:45  SCV x2  
  69  5:53  Supply Depot  
  69  5:57  Supply Depot  
  69  6:11  Refinery  
  69  6:15  Widow Mine, Medivac  
  69  6:18  Sensor Tower  
  73  6:25  Sensor Tower  
  73  6:31  SCV x2  
  75  6:36  Widow Mine  
  77  6:43  SCV x2  
  77  6:44  Medivac  
  81  6:47  Missile Turret  
  81  6:55  SCV x2  
  81  6:58  Command Center  
  83  7:01  Command Center  
  83  7:07  SCV x2  
  85  7:19  SCV  
  85  7:22  Missile Turret  
  86  7:26  Supply Depot  
  86  7:33  Refinery  
  86  7:42  Missile Turret  
  86  7:47  SCV x2, Thor  
  86  7:48  Supply Depot  
  94  8:00  Terran Ship Weapons Level 1  
  94  8:01  Missile Turret  
  94  8:03  Fusion Core  
  94  8:09  Marine x3  
  94  8:10  SCV x2, Supply Depot  
  99  8:13  Terran Infantry Armor Level 1  
  99  8:17  Orbital Command  
  99  8:22  SCV x2  
  99  8:24  Orbital Command  
  101  8:27  Marine x3  
  101  8:30  Thor  
  101  8:32  Supply Depot  
  112  8:34  SCV x2  
  112  8:45  Marine x3  
  112  8:46  SCV  
  116  8:48  Sensor Tower  
  116  9:03  Marine x2  
  118  9:13  Missile Turret, Widow Mine  
  118  9:14  Missile Turret  
  118  9:16  Missile Turret  
  120  9:34  Widow Mine  
  120  9:35  Missile Turret  
  120  9:36  Command Center  
  120  9:37  Refinery, Missile Turret  
  122  9:55  Terran Vehicle And Ship Armor Level 1  
  122  9:56  Supply Depot, Missile Turret, Widow Mine  
  122  9:57  Missile Turret  
  124  10:06  Terran Infantry Weapons Level 2, Stimpack  
  107  10:17  Widow Mine  
  107  10:18  Refinery, Missile Turret  
  107  10:19  Supply Depot  
  109  10:26  Missile Turret  
  109  10:30  SCV  
  110  10:39  Widow Mine  
  113  10:42  SCV  
  113  10:43  Supply Depot  
  113  10:47  Missile Turret  
  113  11:03  Planetary Fortress  
  113  11:06  Missile Turret  
  113  11:13  SCV  
  113  11:14  Weapon Refit  
  113  11:16  Battlecruiser  
  120  11:25  SCV  
  121  11:26  Missile Turret  
  121  11:28  Supply Depot  
  121  11:37  SCV  
  122  11:48  Starport  
  122  11:49  SCV  
  122  11:51  Supply Depot  
  123  12:06  Terran Ship Weapons Level 2  
  123  12:14  Armory  
  123  12:20  Battlecruiser  
  123  12:22  Terran Infantry Armor Level 2  
  129  12:26  Starport  
  129  12:28  Starport Tech Lab  
  129  12:34  Command Center  
  127  12:50  Widow Mine  
  129  12:58  Battlecruiser  
  135  13:02  Terran Vehicle And Ship Armor Level 2  
  135  13:03  Starport  
  135  13:12  Widow Mine  
  137  13:14  Starport Tech Lab  
  137  13:33  Widow Mine  
  139  13:38  Sensor Tower  
  139  13:40  Starport Tech Lab  
  139  13:41  Battlecruiser, Starport  
  145  13:43  Battlecruiser  
  151  13:54  Widow Mine  
  153  13:57  Starport  
  153  14:04  Command Center  
  153  14:16  Widow Mine  
  140  14:39  Missile Turret  
  140  14:40  Missile Turret  
  140  14:42  Missile Turret  
  140  14:44  Missile Turret  
  79  14:54  Battlecruiser  
  79  14:55  Battlecruiser x2  
  79  14:56  Battlecruiser  
  79  14:57  Starport Tech Lab  
  79  14:58  Orbital Command  
  79  14:59  Missile Turret  
  88  15:01  Starport Tech Lab, Missile Turret  
  88  15:03  Starport  
  88  15:05  Missile Turret  
  88  15:06  Missile Turret  
  88  15:21  Missile Turret  
  77  15:43  Barracks  
  76  15:55  SCV  
  77  16:07  SCV  
  84  16:20  SCV  
  85  16:32  SCV  
Show
View Real Time Build Order
Export as new Build Order

VoidPhallus Zerg - Winner!

Build Orders: Pool First 

Get SALT Encoding   

  12  0:18  Spawning Pool  
  11  0:22  Drone  
  11  0:26  Drone  
  13  0:36  Overlord  
  13  0:41  Extractor  
  12  1:06  Zergling x6  
  15  1:25  Hatchery  
  14  1:35  Drone x2  
  16  1:48  Metabolic Boost  
  15  2:24  Overlord  
  15  2:26  Queen  
  15  2:27  Drone  
  15  2:28  Drone  
  19  2:43  Drone x2  
  21  2:51  Queen  
  23  3:06  Drone  
  23  3:07  Drone x3  
  27  3:18  Extractor  
  27  3:19  Drone x2  
  28  3:27  Overlord  
  28  3:29  Drone  
  29  3:41  Drone x3  
  32  3:53  Lair  
  32  3:56  Drone  
  32  3:57  Drone x3  
  36  4:03  Evolution Chamber  
  36  4:09  Evolution Chamber  
  34  4:15  Spine Crawler  
  33  4:20  Drone x3  
  33  4:23  Drone  
  37  4:34  Zerg Melee Weapons Level 1  
  37  4:36  Zerg Ground Armor Level 1  
  37  4:39  Drone  
  37  4:40  Drone  
  39  4:59  Hatchery  
  38  5:08  Hatchery  
  37  5:16  Drone x3  
  37  5:17  Drone  
  37  5:20  Overlord  
  41  5:34  Spore Crawler  
  40  5:39  Spore Crawler  
  39  5:51  Drone  
  39  5:52  Drone x7  
  47  6:07  Overseer x2  
  47  6:13  Extractor  
  47  6:16  Extractor  
  45  6:20  Zergling x6  
  45  6:21  Zergling x2  
  49  6:26  Spire  
  49  6:31  Drone  
  49  6:32  Drone x12  
  61  6:38  Queen  
  63  6:43  Overlord  
  63  6:44  Overlord  
  63  6:54  Overlord x3  
  63  6:58  Spore Crawler, Queen  
  64  7:02  Spore Crawler  
  64  7:04  Overlord x2  
  63  7:26  Drone x3  
  63  7:27  Drone x9  
  75  7:47  Extractor  
  75  7:51  Extractor, Mutalisk x11  
  95  8:06  Overseer  
  95  8:11  Zerg Melee Weapons Level 2  
  95  8:24  Drone x2  
  95  8:25  Drone x3, Overlord x2  
  95  8:26  Overlord x6  
  100  8:41  Mutalisk  
  100  8:42  Mutalisk x4  
  109  8:56  Infestation Pit  
  108  9:08  Zergling x2  
  108  9:09  Zergling x16  
  121  9:10  Zergling x20  
  127  9:34  Zerg Ground Armor Level 2  
  127  9:38  Pneumatized Carapace  
  127  9:42  Hive  
  127  9:45  Zerg Flyer Weapons Level 1  
  121  11:03  Hatchery  
  120  11:06  Drone x5  
  120  11:10  Extractor  
  120  11:11  Hatchery  
  123  11:13  Extractor  
  123  11:14  Spine Crawler  
  121  11:26  Mutalisk x2  
  121  11:27  Mutalisk  
  121  11:29  Zerg Melee Weapons Level 3  
  127  11:37  Adrenal Glands, Ultralisk Cavern  
  126  11:52  Drone  
  126  11:53  Drone x2  
  129  11:58  Zerg Flyer Weapons Level 2  
  129  12:23  Zerg Ground Armor Level 3  
  129  12:25  Chitinous Plating  
  129  12:28  Ultralisk x6  
  129  12:29  Ultralisk x2  
  177  12:30  Zergling x2  
  177  12:31  Zergling x34  
  171  12:53  Ultralisk x2  
  171  12:54  Overlord  
  171  12:55  Overlord x3  
  183  13:07  Spire  
  182  13:15  Drone x4  
  182  13:16  Drone x2  
  182  13:19  Drone x3  
  192  13:20  Drone x3  
  194  13:32  Mutalisk x3  
  200  14:14  Zerg Flyer Armor Level 1  
  200  14:20  Greater Spire  
  134  15:06  Corruptor  
  134  15:07  Corruptor x20  
  128  15:10  Zergling x2  
  128  15:11  Zergling x58  
  174  15:34  Extractor  
  173  15:35  Spore Crawler  
  173  15:36  Extractor  
  171  15:49  Brood Lord x4  
  169  15:50  Brood Lord  
  163  16:06  Extractor  
  163  16:09  Extractor, Spore Crawler  
  160  16:11  Drone x2  
  160  16:12  Drone x3  
  160  16:16  Zergling x18  
  160  16:17  Zergling x14  
Tags
 
League
GoldGold
Matchup
TvZ
Opening
Pool First
Spawn Locations
Cross Positions
Add a new tag
Caveats
  • Supply blocks, unpowered buildings, or Contaminate may cause inaccurate times.
  • Supply counts are checked every 10 seconds.